 Dungeon Crawl Stone Soup version 0.22.0-49-gab54619 (webtiles) character file.

2283 Loudmushroom the Chopper (level 9, -3/56 HPs)
             Began as a Gargoyle Fighter on Sept 5, 2018.
             Slain by Harold
             ... wielding a +0 war axe
              (5 damage)
             ... on level 7 of the Dungeon.
             The game lasted 00:30:58 (7039 turns).

Loudmushroom the Chopper (Gargoyle Fighter)         Turns: 7039, Time: 00:30:59

Health: -3/56      AC: 22    Str: 23    XL:     9   Next: 39%
Magic:  11/11      EV:  5    Int:  8    God:
Gold:   241        SH: 11    Dex: 10    Spells: 8/8 levels left

rFire    . . .     SeeInvis .   a - +0 war axe
rCold    . . .     Gourm    +   c - +1 shield
rNeg     + . .     Faith    .   v - +0 plate armour
rPois    ∞         Spirit   .   o - +2 helmet
rElec    +         Reflect  .   (no cloak)
rCorr    .         Harm     .   (no gloves)
MR       .....                  (no boots)
Stlth    ..........             A - amulet of the gourmand
HPRegen  0.18/turn              (no ring)
MPRegen  0.12/turn              (no ring)

@: marked
A: negative energy resistance 1, electricity resistance, unbreathing,
petrification resistance, rot immunity, AC +6
a: no special abilities


You were on level 7 of the Dungeon.
You were hungry.

You visited 2 branches of the dungeon, and saw 8 of its levels.

You collected 241 gold pieces.

Inventory:

Hand Weapons
 a - a +0 war axe (weapon)
 C - a +0 morningstar
 E - a +3 spear
Missiles
 i - 7 tomahawks of returning
 k - 45 poisoned needles
 l - 4 javelins (quivered)
 p - 198 stones
 w - 44 bolts
 z - 17 sling bullets
 F - 18 tomahawks
Armour
 c - a +1 shield (worn)
 o - a +2 helmet (worn)
 v - a +0 plate armour (worn)
Jewellery
 t - an uncursed amulet of rage
 A - an amulet of the gourmand (around neck)
Wands
 b - a wand of scattershot (6)
 y - a wand of digging (13)
 B - a wand of paralysis (15)
Scrolls
 e - a scroll of identify
 j - 3 scrolls of remove curse
 G - a scroll of enchant armour
Potions
 d - a potion of might
 g - a potion of brilliance {unknown}
 h - a potion of heal wounds {unknown}
 m - 5 potions of curing {unknown}
 n - a potion of cancellation {unknown}
 q - a potion of resistance {unknown}
 r - a potion of mutation {unknown}
 s - a potion of haste {unknown}
 u - a potion of degeneration {unknown}
 x - a potion of ambrosia {unknown}
 D - a potion of flight {unknown}
Comestibles
 f - 11 rations


   Skills:
 + Level 6.4 Fighting
 * Level 6.9 Axes
 + Level 6.4 Armour
 + Level 6.4 Shields
 + Level 3.8 Evocations


You had 8 spell levels left.
You didn't know any spells.
Your spell library contained the following spells:

 Spells                   Type           Power        Failure   Level  Hunger
 Magic Dart               Conj           #...         100%        1    ##.....
 Shock                    Conj/Air       #...         100%        1    ##.....
 Blink                    Tloc           N/A          100%        2    ###....
 Call Imp                 Summ           #.......     100%        2    ###....
 Slow                     Hex            #.......     100%        2    ###....
 Swiftness                Chrm/Air       #.......     100%        2    ###....
 Conjure Flame            Conj/Fire      #.......     100%        3    ####...
 Mephitic Cloud           Conj/Pois/Air  #.......     100%        3    ####...
 Static Discharge         Conj/Air       #.......     100%        3    ####...
 Airstrike                Air            #.........   100%        4    #####..
 Lightning Bolt           Conj/Air       #.........   100%        5    ######.


Dungeon Overview and Level Annotations

Branches:
Dungeon (7/15)             Temple (1/1) D:4

Altars:
Ashenzari
Cheibriados
Dithmenos
Elyvilon
Fedhas
Gozag
Hepliaklqana
Kikubaaqudgha
Makhleb
Nemelex Xobeh
Qazlal
Ru
Sif Muna
Trog
Vehumet
Wu Jian
Xom
Yredelemnul
Zin
The Shining One

Shops:
D:4 !=

Annotations:
D:3 1 runed door, flestrin's ghost, amateur TrHu
D:7 Harold


Innate Abilities, Weirdness & Mutations

You are resistant to torment.
Your stone body is resilient. (AC +6)
You are immune to poison.
You resist negative energy. (rN+)
You are resistant to electric shocks. (rElec)
You can survive without breathing.
You are immune to petrification.
You are immune to rotting.


Message History

You block the killer bee's attack.
Harold yells, "I don't have all day!"
Harold hits you but does no damage.
The killer bee stings you but does no damage. x4
You hit Harold but do no damage.
Harold is severely wounded.
You closely miss the killer bee. You miss the killer bee.
You slash the killer bee! x2
The killer bee stings you but does no damage.
You block the killer bee's attack. The killer bee barely misses you.
You block the killer bee's attack. x2; The killer bee barely misses you.
You block Harold's attack. You block the killer bee's attack.
The killer bee stings you but does no damage. x3
You hit Harold but do no damage.
Harold is severely wounded.
You barely miss the killer bee. You closely miss the killer bee.
You miss the killer bee. You barely miss the killer bee.
The killer bee stings you but does no damage. x3
You block the killer bee's attack. x3; Harold hits you with a war axe.
You die...

#.##...#
####.######
#....# #.####
#.#
######'#####
#..........#
##..yyy....#
#..@@y....#
.....#########
..... .... ..


You could see Harold and 4 killer bees.

Vanquished Creatures
  Pikel (D:4)
  Prince Ribbit (D:5)
  An ice beast (D:5)
  2 orc warriors (D:6)
  2 slaves
  3 ogres
  2 bullfrogs (D:6)
  2 killer bees (D:7)
  5 crimson imps
  A bullfrog zombie (D:5)
  A centaur zombie (D:6)
  3 jellies (D:6)
  2 hounds (D:6)
  2 orc priests (D:6)
  An iguana (D:6)
  3 orc wizards (D:6)
  Jessica (D:2)
  Ijyb (D:4)
  Natasha (D:2)
  2 worker ants
  A hound skeleton (D:5)
  Robin (D:3)
  3 adders
  A howler monkey skeleton (D:4)
  4 gnolls (D:5)
  2 shadow imps
  4 worms
  2 dart slugs
  4 leopard geckos
  19 orcs
  8 bats
  2 giant cockroaches
  2 gnoll zombies (D:3)
  12 goblins
  12 hobgoblins
  A jackal (D:2)
  10 kobolds
  4 quokkas
  A ball python (D:6)
  5 frilled lizards
  A jackal zombie (D:6)
  A leopard gecko skeleton (D:4)
  9 rats
146 creatures vanquished.

Notes
Turn   | Place    | Note
-------+----------+-------------------------------------------
     0 | D:1      | Loudmushroom the Gargoyle Fighter began the quest for the
                  | Orb.
     0 | D:1      | Reached XP level 1. HP: 14/14 MP: 1/1
   241 | D:1      | Reached XP level 2. HP: 19/19 MP: 2/2
   823 | D:2      | Reached XP level 3. HP: 23/23 MP: 3/3
  1372 | D:2      | Noticed Jessica
  1385 | D:2      | Killed Jessica
  1385 | D:2      | Reached XP level 4. HP: 24/29 MP: 4/4
  1508 | D:2      | Noticed Natasha
  1518 | D:2      | Killed Natasha
  1973 | D:3      | Found a runed door.
  2013 | D:3      | Noticed flestrin's ghost (amateur TrHu)
  2021 | D:3      | Reached XP level 5. HP: 33/33 MP: 5/5
  2029 | D:3      | Noticed Robin
  2035 | D:3      | Killed Robin
  2293 | D:3      | Found a basalt altar of Yredelemnul.
  2398 | D:3      | Found a hazy altar of Hepliaklqana.
  2562 | D:3      | Paralysed by a goblin for 7 turns
  2887 | D:4      | Noticed an ogre
  2907 | D:4      | Killed an ogre
  2907 | D:4      | Reached XP level 6. HP: 16/38 MP: 6/6
  3063 | D:4      | Noticed Ijyb
  3097 | D:4      | Killed Ijyb
  3303 | D:4      | Found a staircase to the Ecumenical Temple.
  3324 | D:4      | Noticed a slave
  3325 | D:4      | Noticed Pikel
  3327 | D:4      | Noticed a slave
  3328 | D:4      | Noticed a slave
  3329 | D:4      | Noticed a slave
  3334 | Temple   | Entered the Ecumenical Temple
  3484 | Temple   | Killed a slave
  3502 | D:4      | Killed a slave
  3504 | D:4      | Killed Pikel
  3504 | D:4      | Reached skill level 5 in Fighting
  3504 | D:4      | Reached XP level 7. HP: 33/44 MP: 6/8
  3505 | D:4      | Reached skill level 5 in Shields
  3860 | D:4      | Found Naohishuac's Jewellery Emporium.
  3887 | D:4      | Found Galuuzxe's Distillery.
  4297 | D:4      | Found a bloodstained altar of Trog.
  4325 | D:4      | Reached skill level 5 in Armour
  4621 | D:5      | Entered Level 5 of the Dungeon
  4637 | D:5      | Reached skill level 5 in Axes
  4655 | D:5      | Reached XP level 8. HP: 25/49 MP: 9/9
  4835 | D:5      | Found a sacrificial altar of Ru.
  5195 | D:5      | Noticed Prince Ribbit
  5622 | D:5      | Found a stormy altar of Qazlal.
  6256 | D:5      | Killed Prince Ribbit
  6256 | D:5      | Reached XP level 9. HP: 55/55 MP: 11/11
  7019 | D:7      | Noticed Harold
  7036 | D:7      | HP: 2/56 [Harold/war axe (2)]
  7039 | D:7      | Slain by Harold

Skill      XL: |  1  2  3  4  5  6  7  8 |
---------------+-------------------------+-----
Axes           | 2 3 4 5 6 |  6.9
Fighting       | 4 5 6 |  6.4
Shields        | 4 5 6 |  6.4
Armour         | 4 5 6 |  6.4
Evocations     | 2 3 |  3.8

Action                   |  1- 3 |  4- 6 |  7- 9 || total
-------------------------+-------+-------+-------++-------
Melee: War axe           |   115 |   201 |   316 ||   632
       Unarmed           |       |     3 |       ||     3
Throw: Stone             |       |     4 |       ||     4
       Tomahawk          |       |       |     6 ||     6
       Javelin           |       |       |     4 ||     4
  Use: Scroll            |       |       |    10 ||    10
  Eat: Chunk             |     2 |     7 |    11 ||    20
Armor: Scale mail        |    63 |     7 |       ||    70
       Plate armour      |       |   143 |   310 ||   453
       Skin              |       |     1 |       ||     1
Dodge: Dodged            |    36 |    45 |   102 ||   183
Block: Shield            |    68 |   124 |   235 ||   427
